AoeStats
← Nicki D

Marketplace

505973548Analyzed
1v1 RM · 20d ago on Sep 11, 2026· 26m 27s· 2 players
Game mode
Random Map
Map size
Tiny (2 player)
Population
200
Speed
Normal
Resources
Standard
Victory
Conquest
Starting age
Dark Age
Ending age
Imperial Age
RankedLock teamsTeams togetherTeam positionsShared explorationLock speedFull tech treeHidden civsTurbo modeCheats
Victory
Defeat
🇲🇽 Malians · Mexico
1012
+17
🇨🇦 Magyars · Canada
1038
-17
Cid Hitokiri
11:01 Loom
11:05 Loom
13:59 Feudal Age
14:06 Man-at-Arms
18:55 Forging
18:46 Scale Mail Armor
25:12 Castle Age
26:08 Chain Mail Armor
25:56 Squires
25:18 Long Swordsman
Nicki D
7:29 Loom
10:26 Feudal Age
11:55 Man-at-Arms
14:33 Double-Bit Axe
20:26 Castle Age
Connection lost

Rejoining the realm…

Still unreachable

The connection could not be restored.

Session expired

The server has moved on; the page needs a fresh start.